 Dungeon Crawl Stone Soup version 0.31-a0-182-gc5ef74bbde (webtiles) character file.

Game seed: 590493681394894580

59 Midn8 the Shooter (level 3, -1/29 HPs)
             Began as a Draconian Hunter on June 22, 2023.
             Slain by an ogre
             ... wielding a +0 giant club
              (30 damage)
             ... on level 2 of the Dungeon.
             The game lasted 00:01:52 (1032 turns).

Midn8 the Shooter (Draconian Hunter)                Turns: 1032, Time: 00:01:53

Health: -1/29      AC:  5    Str: 13    XL:     3   Next: 78%
Magic:  3/3        EV: 12    Int:  9    God:
Gold:   136        SH:  0    Dex: 16    Spells: 2/2 levels left

rFire   . . .        a - +0 shortbow
rCold   . . .        (shield currently unavailable)
rNeg    . . .        (body armour unavailable)
rPois   .            (helmet restricted)
rElec   .            (no cloak)
rCorr   .            (no gloves)
SInv    .            (no boots)
Will    .....        (no amulet)
Stlth   ++           (no ring)
HPRegen 0.24/turn    (no ring)
MPRegen 0.08/turn

%: no passive effects
@: no status effects
A: AC +5, unfitting armour, cold-blooded
a: no special abilities


You were on level 2 of the Dungeon.
You visited 1 branch of the dungeon, and saw 2 of its levels.

You collected 136 gold pieces.

Inventory:

Hand Weapons
 a - a +0 shortbow (weapon)
Scrolls
 b - a scroll of butterflies
Potions
 c - a potion of heal wounds
 d - a potion of mutation {unknown}
 e - a potion of brilliance {unknown}
 f - a potion of ambrosia {unknown}


   Skills:
 - Level 2.1 Fighting
 + Level 5.0 Ranged Weapons
 - Level 1.7 Dodging
 - Level 0.8 Stealth


You had 2 spell levels left.
You didn't know any spells.
Your spell library contained the following spells:

 Spells                   Type           Power      Damage    Failure   Level
 Leda's Liquefaction      Hex/Erth       0%         N/A       99%         4
 Manifold Assault         Tloc           0%         N/A       99%         4
 Lee's Rapid Deconstruct  Erth           0%         3d4*      100%        5
 Dispersal                Tloc           0%         N/A       100%        6
 Leda's Unmaking          Conj/Erth      0%         9d1       100%        6
 Statue Form              Tmut/Erth      0%         N/A       100%        6
 Disjunction              Tloc           0%         N/A       100%        8


Dungeon Overview and Level Annotations

Branches:
Dungeon (2/15)

Altars:


Innate Abilities, Weirdness & Mutations

Your plain brown scales are hard. (AC +5)
You cannot fit into any form of body armour.
You are cold-blooded and may be slowed by cold attacks.


Message History

You open the door.
A bat comes into view.
A bat is nearby!
You shoot an arrow. The arrow hits the bat.
The bat is heavily wounded.
You shoot an arrow. The arrow hits the bat.
You kill the bat!
There is an open door here.
Found a stone staircase leading down.
Found a short sword.
You see here a +0 short sword.
A frilled lizard comes into view.
You shoot an arrow. The arrow hits the frilled lizard.
You kill the frilled lizard!
Found a stone staircase leading down.
A frilled lizard comes into view.
A frilled lizard is nearby!
You shoot an arrow. The arrow hits the frilled lizard.
You kill the frilled lizard!
You open the door.
There is an open door here.
As you open the door, it creaks loudly!
Found a rapier.
There is an open door here.
You see here a +0 rapier.
You now have 136 gold pieces (gained 15).
An ogre comes into view. It is wielding a +0 giant club.
Found a book of the Senses.
The ogre shouts!
You shoot an arrow. The arrow hits the ogre!
The ogre is moderately wounded.
You hear a shout!
A hobgoblin comes into view.
You hear an angry hiss.
You shoot an arrow. The arrow barely misses the ogre.
You shoot an arrow. The arrow hits the ogre.
The ogre is heavily wounded.
The ogre hits you with a +0 giant club!!
Ouch! That really hurt!
You die...

## :. ###g #..
#.# ##### #@#
#...########O###
#...'...).....?#
#...#####.####.#
#...# #.# .#
#...# #.# .#
##'## #.# .#
#.#### #.# .#
#....##>.# .#


You could see an ogre and a hobgoblin.

Vanquished Creatures
  An adder (D:2)
  2 dart slugs
  5 ball pythons
  4 endoplasms
  2 goblins
  6 hobgoblins
  3 jackals (D:1)
  3 quokkas
  4 bats
  4 frilled lizards
  4 kobolds
  6 rats
44 creatures vanquished.

Notes
Turn   | Place    | Note
-------+----------+-------------------------------------------
     0 | D:1      | Midn8 the Draconian Hunter began the quest for the Orb.
     0 | D:1      | Reached XP level 1. HP: 17/17 MP: 1/1
    83 | D:1      | Reached skill level 4 in Ranged Weapons
    84 | D:1      | Reached XP level 2. HP: 24/24 MP: 2/2
   503 | D:1      | Reached XP level 3. HP: 29/29 MP: 3/3
   913 | D:2      | Reached skill level 5 in Ranged Weapons
  1027 | D:2      | Noticed an ogre
  1032 | D:2      | Slain by an ogre

Illustrated notes

Levels and vault maps discovered:
D:1:      roderic_crossed_star, layout_basic
D:2:      layout_basic

Skill      XL: |  1  2  3 |
---------------+----------+-----
Ranged Weapons | 4 5 |  5.0
Fighting       | |  2.1
Dodging        | |  1.7
Stealth        | |  0.8

Action                     || total
---------------------------++-------
   Fire: Shortbow          ||   120
    Use: Scroll            ||     1
 Armour: Skin              ||    18
  Dodge: Dodged            ||    25

Table legend: (Time is in decaauts)
 A = Elapsed time spent in this place.
 B = Non-inter-level travel time spent in this place.
 C = Inter-level travel time spent in this place.
 D = Time resting spent in this place.
 E = Time spent auto-exploring this place.
 F = Levels seen in this place.
 G = Mean time per level.
                   A        B        C        D        E       F      G
               +--------+--------+--------+--------+--------+-----+--------+
         Total |   1053 |   1029 |     24 |     25 |    784 |   2 |  526.5 |
       Dungeon |   1053 |   1029 |     24 |     25 |    784 |   2 |  526.5 |
               +--------+--------+--------+--------+--------+-----+--------+

Top non-repeatable levels by time:
     D:1: 661 daAuts
     D:2: 391 daAuts
